 Dungeon Crawl Stone Soup version 0.29.1-2-gbd0b4ee654 (webtiles) character file.

Game seed: 128260331396123738

321 zeram the Ducker (level 6, 0/28 HPs)
             Began as a Spriggan Summoner on Nov 4, 2022.
             Slain by Grinder (3 damage)
             ... on level 5 of the Dungeon.
             The game lasted 00:08:51 (4335 turns).

zeram the Ducker (Spriggan Summoner)                Turns: 4335, Time: 00:08:52

Health: 0/28       AC:  3    Str:  7    XL:     6   Next: 22%
Magic:  10/14      EV: 18    Int: 19    God:
Gold:   124        SH:  0    Dex: 12    Spells: 9/15 levels left

rFire   . . .      SeeInvis +   s - +2 dagger (venom)
rCold   + + +      Faith    .   (no shield)
rNeg    . . .      Spirit   .   a - +0 robe
rPois   +          Reflect  .   (helmet restricted)
rElec   .          Harm     .   v - +0 cloak
rCorr   +          Rampage  .   (gloves unavailable)
Will    +....                   (boots unavailable)
Stlth   ++........              k - amulet of regeneration
HPRegen 0.89/turn               i - ring "Ipotodybe" {Fly rPois rC+++ rCorr Str+3 Dex-3}
MPRegen 0.14/turn               o - ring of wizardry

@: flying, very quick
A: very small, no large weapons, unfitting armour, see invisible, speed 3
a: no special abilities


You were on level 5 of the Dungeon.
You visited 1 branch of the dungeon, and saw 5 of its levels.

You collected 182 gold pieces.
You spent 58 gold pieces at shops.

Inventory:

Hand Weapons
 c - a +1 dagger of protection
 s - a +2 dagger of venom (weapon)
Armour
 a - a +0 robe (worn)
 v - a +0 cloak (worn)
Jewellery
 i - the ring "Ipotodybe" (left hand) {Fly rPois rC+++ rCorr Str+3 Dex-3}
   (You found it on level 2 of the Dungeon)

   [ring of poison resistance]

   Str:       It affects your strength (+3).
   Dex:       It affects your dexterity (-3).
   rC:        It renders you almost immune to cold.
   rPois:     It protects you from poison.
   Fly:       It grants you flight.
   rCorr:     It protects you from acid and corrosion.
 k - an amulet of regeneration (around neck)
 o - a ring of wizardry (right hand)
 w - a ring of positive energy
Wands
 d - a wand of charming (6)
Scrolls
 f - 2 scrolls of teleportation
 g - a scroll of noise
 j - 2 scrolls of brand weapon
 r - a scroll of poison
 t - 3 scrolls of blinking {unknown}
 u - a scroll of fear
 x - a scroll of amnesia {unknown}
 y - a scroll of vulnerability {unknown}
Potions
 b - 2 potions of magic
 e - a potion of flight {unknown}
 h - 4 potions of curing
 l - a potion of brilliance {unknown}
 m - a potion of degeneration {unknown}
 n - 3 potions of invisibility {unknown}
 p - a potion of mutation {unknown}
 q - a potion of ambrosia {unknown}
 z - a potion of resistance {unknown}
 A - a potion of heal wounds {unknown}


   Skills:
 + Level 5.2 Dodging
 - Level 3.0 Stealth
 + Level 5.1 Spellcasting
 + Level 4.6 Summonings


You had 9 spell levels left.
You knew the following spells:

 Your Spells              Type           Power      Damage    Failure   Level
a - Summon Small Mammal   Summ           88%        N/A       1%          1
b - Call Imp              Summ           22%        N/A       1%          2
c - Call Canine Familiar  Summ           22%        N/A       2%          3

Your spell library contained the following spells:

 Spells                   Type           Power      Damage    Failure   Level
 Magic Dart               Conj           16%        1d3       4%          1
 Summon Guardian Golem    Hex/Summ       13%        N/A       6%          3
 Searing Ray              Conj           8%         2d4       8%          2
 Mephitic Cloud           Conj/Pois/Air  4%         N/A       16%         3
 Summon Lightning Spire   Summ/Air       13%        N/A       19%         4
 Fulminant Prism          Conj/Hex       2%         3d6       43%         4


Dungeon Overview and Level Annotations

Branches:
Dungeon (5/15)
 Temple: D:4-7

Altars:
Sif Muna

Shops:
D:4 [

Annotations:
D:5 Grinder


Innate Abilities, Weirdness & Mutations

You are very small and have problems with some larger weapons.
You are too small for most types of armour.
You have supernaturally acute eyesight. (SInv)
You cover ground extremely quickly. (Speed+++)


Message History

The gnoll bouda barks out a call to the hunt!
The gnoll hits your hound with a +0 club!
Your hound dies!
Your hound's corpse disappears in a puff of smoke!
What are your orders? t - Shout!
Orders for allies: a - Attack new target. r - Retreat! s - Stop attacking. g - Guard the area. f - Follow me.
Anything else - Cancel.
Gang up on whom?
Press: ? - help, Dir - move target, f - hound
Aim: a hound (heavily wounded, very poisoned, ally target) Attack!
Your attacks no longer feel as feeble.
Your crimson imp blinks!
A gnoll comes into view. It is wielding a +2 whip of freezing.
Grinder gestures at you.
You easily resist.
The hound bites you.
You hit the gnoll.
The gnoll is poisoned.
Your punch misses the gnoll.
The gnoll is lightly wounded.
The gnoll hits you with a +0 club! The hound misses you.
The gnoll barely misses you.
Unknown command.
You closely miss the gnoll.
The gnoll is moderately wounded.
The hound barely misses you.
A gnoll comes into view. It is wielding a +0 spear.
The gnoll hits you with a +0 club.
The gnoll bouda calls upon its god to heal the gnoll.
The gnoll's wounds heal themselves!
Grinder blinks!
The hound closely misses you. The gnoll hits you with a +0 flail.
The gnoll shouts!
The gnoll closely misses you. The hound bites you.
* * * LOW HITPOINT WARNING * * *
The gnoll bouda calls upon its god to heal the gnoll.
The gnoll's wounds heal themselves!
Grinder hits you.
* * * LOW HITPOINT WARNING * * *
You writhe in agony.
You die...

............#..
.........#.....
.$.......#...##.
...g............
....g...........
.5......g......
#......#
..####ghg5##...
........@.......
...####..5##..##
#...## ... #...#
.. ..... ...###
.... .....


You could see Grinder, a gnoll bouda, a hound (poisoned), 4 gnolls and a
friendly crimson imp (summoned).

Vanquished Creatures
  The ghost of cdecastro the Sneak, an amateur VSEn of Ru (D:4)
  An orc wizard (D:4)
  4 gnolls (D:4)
  An adder (D:4)
  A worm (D:4)
  4 dart slugs
  4 orcs
  5 ball pythons
  5 bats
  4 endoplasms
  3 giant cockroaches
  4 goblins
  3 hobgoblins
  3 jackals (D:3)
  5 kobolds
  3 quokkas
  2 frilled lizards (D:1)
  3 rats
56 creatures vanquished.

Vanquished Creatures (collateral kills)
  Blork the orc (D:4)
  An orc wizard (D:4)
  5 orcs
  An endoplasm (D:3)
  A giant cockroach (D:1)
  4 goblins
  2 hobgoblins
  A jackal (D:3)
  A quokka (D:3)
  2 bats
  A frilled lizard (D:1)
  3 rats
23 creatures vanquished.

Grand Total: 79 creatures vanquished

Notes
Turn   | Place    | Note
-------+----------+-------------------------------------------
     0 | D:1      | zeram the Spriggan Summoner began the quest for the Orb.
     0 | D:1      | Reached XP level 1. HP: 9/9 MP: 5/5
   622 | D:1      | Reached XP level 2. HP: 6/13 MP: 1/6
   645 | D:1      | Learned a level 2 spell: Call Imp
  1168 | D:1      | Found a faded altar of an unknown god.
  2016 | D:2      | Reached XP level 3. HP: 15/16 MP: 8/8
  2227 | D:2      | Identified the ring "Ipotodybe" {Fly rPois rC+++ rCorr
                  | Str+3 Dex-3}
  2744 | D:3      | Reached XP level 4. HP: 21/21 MP: 7/10
  3004 | D:3      | Learned a level 3 spell: Call Canine Familiar
  3263 | D:4      | Reached XP level 5. HP: 20/24 MP: 12/12
  3310 | D:4      | Found Ziamis's Armour Emporium.
  3318 | D:4      | Bought a +0 cloak for 58 gold pieces
  3351 | D:4      | Noticed Blork the orc
  3366 | D:4      | Killed Blork the orc
  3506 | D:4      | Found a runed translucent door.
  3508 | D:4      | Noticed cdecastro's ghost (amateur VSEn)
  3522 | D:4      | Found a runed translucent door.
  3674 | D:4      | Found a shimmering blue altar of Sif Muna.
  4193 | D:4      | Killed cdecastro's ghost
  4194 | D:4      | Reached skill level 5 in Dodging
  4194 | D:4      | Reached skill level 5 in Spellcasting
  4194 | D:4      | Reached XP level 6. HP: 28/28 MP: 2/14
  4321 | D:5      | Entered Level 5 of the Dungeon
  4326 | D:5      | Noticed Grinder
  4335 | D:5      | Slain by Grinder

Illustrated notes

Levels and vault maps discovered:
D:1:      dpeg_arrival_prison, layout_basic, shapermc_ecumenical_altar_venn
D:2:      layout_rooms, grunt_ministairs_15
D:3:      layout_rooms
D:4:      layout_layer_cave, general_overflow_altar, serial_shops, shop,
          ebering_ghost_sewer_f, uniq_blork_the_orc
D:5:      layout_cave_pools, gup_sewer_entry_bubbles, serial_shops, shop,
          serial_gnoll_camp, gnoll_camp_medium_02, gnoll_camp_huts_basic,
          gnoll_camp_mini_shop, gnoll_camp_mini_hut, kennysheep_generic_room_5,
          uniq_grinder

Skill      XL: |  1  2  3  4  5 |
---------------+----------------+-----
Dodging        | 3 4 5 |  5.2
Spellcasting   | 3 4 5 |  5.1
Summonings     | 4 |  4.6
Stealth        | |  3.0

Action                   |  1- 3 |  4- 6 || total
-------------------------+-------+-------++-------
Melee: Dagger            |   152 |   105 ||   257
       Unarmed           |    16 |       ||    16
       Punch             |     4 |       ||     4
 Cast: Summon Small Mamm |     8 |       ||     8
       Call Imp          |    16 |    15 ||    31
       Call Canine Famil |       |     4 ||     4
  Use: Scroll            |    11 |       ||    11
 Stab: Sleeping          |    10 |     1 ||    11
       Distracted        |     1 |     1 ||     2
Armor: Robe              |    31 |    20 ||    51
Dodge: Dodged            |   130 |   110 ||   240
